 Dungeon Crawl Stone Soup version 0.27.1-3-gb3d3a73c9e (webtiles) character file.

Game seed: 16029905266077378122

8890 belegose the Prestidigitator (level 10, -2/88 HPs)
             Began as a Demigod Artificer on Oct 22, 2021.
             Succumbed to Urug's poison
             ... on level 9 of the Dungeon.
             The game lasted 00:48:47 (14093 turns).

belegose the Prestidigitator (Demigod Artificer)   Turns: 14093, Time: 00:48:48

Health: -2/88      AC: 16    Str: 17    XL:     10   Next: 94%
Magic:  21/21      EV: 12    Int: 21    God:
Gold:   1094       SH:  0    Dex: 14    Spells: 18/19 levels left

rFire    . . .     SeeInvis .   a - +3 whip (venom)
rCold    . . .     Faith    .   (no shield)
rNeg     . . .     Spirit   .   w - +0 swamp dragon scales
rPois    +         Reflect  .   i - +2 hat
rElec    .         Harm     .   (no cloak)
rCorr    .         Rampage  .   f - +1 pair of gloves
Will     ++...                  (no boots)
Stlth    +.........             l - amulet of the acrobat
HPRegen  0.24/turn              E - ring of willpower
MPRegen  0.17/turn              g - +4 ring of protection

@: lethally poisoned (-2 -> -19)
A: high mp 1, forlorn
a: no special abilities


You were on level 9 of the Dungeon.
You visited 2 branches of the dungeon, and saw 11 of its levels.
You also visited: Bailey.

You collected 1094 gold pieces.

Inventory:

Hand Weapons
 a - a +3 whip of venom (weapon)
 b - a +4 scimitar of flaming
Missiles
 C - 2 throwing nets
 H - 46 boomerangs
 L - 2 javelins
 R - 49 poisoned darts (quivered)
Armour
 f - a +1 pair of gloves (worn)
 i - a +2 hat (worn)
 w - +0 swamp dragon scales (worn)
Jewellery
 g - a +4 ring of protection (right hand)
 l - an amulet of the acrobat (around neck)
 E - a ring of willpower (left hand)
 N - an amulet of regeneration
Wands
 c - a wand of flame (34)
 d - a wand of charming (13)
 s - a wand of mindburst (7)
 B - a wand of iceblast (9)
 M - a wand of acid (5)
Scrolls
 j - 2 scrolls of summoning {unknown}
 k - 3 scrolls of amnesia
 m - a scroll of brand weapon {unknown}
 p - a scroll of noise {unknown}
 t - 4 scrolls of teleportation
 v - 2 scrolls of immolation {unknown}
 y - 3 scrolls of magic mapping {unknown}
 G - 2 scrolls of fear {unknown}
 I - 4 scrolls of enchant weapon
 K - a scroll of enchant armour {unknown}
Potions
 h - 2 potions of magic
 n - 2 potions of might
 o - a potion of curing {unknown}
 q - 3 potions of brilliance
 r - 4 potions of lignification
 u - a potion of invisibility {unknown}
 x - a potion of berserk rage {unknown}
 z - a potion of haste {unknown}
 A - a potion of heal wounds
 D - 2 potions of mutation {unknown}
 O - a potion of attraction {unknown}
 P - a potion of cancellation
 S - 4 potions of flight
Miscellaneous
 e - a piece from Xom's chessboard (15/15)


   Skills:
 + Level 7.6 Fighting
 + Level 3.8 Long Blades
 - Level 4.0 Maces & Flails
 + Level 3.8 Throwing
 - Level 4.3 Armour
 + Level 4.5 Dodging
 - Level 0.8 Stealth
 - Level 5.0 Spellcasting
 - Level 4.0 Necromancy
 + Level 8.2 Evocations


You had 18 spell levels left.
You knew the following spells:

 Your Spells              Type           Power      Damage    Failure   Level
a - Animate Skeleton      Necr           44%        N/A       3%          1

Your spell library contained the following spells:

 Spells                   Type           Power      Damage    Failure   Level
 Pain                     Necr           88%        1d8       3%          1
 Vampiric Draining        Necr           11%        2d7       11%         3
 Apportation              Tloc           10%        N/A       19%         1
 Sandblast                Erth           10%        2d5       19%         1
 Passwall                 Tmut/Erth      4%         N/A       28%         2
 Alistair's Intoxication  Tmut/Pois      3%         N/A       99%         5
 Lee's Rapid Deconstruct  Erth           2%         3d6*      99%         5
 Invisibility             Hex            2%         N/A       100%        6
 Chain Lightning          Conj/Air       2%         3d3       100%        9
 Fire Storm               Conj/Fire      2%         8d1       100%        9


Dungeon Overview and Level Annotations

Branches:
Dungeon (10/15)            Temple (1/1) D:4            Lair (0/6) D:9
 Bailey (visited)
    Orc: D:9-12

Shops:
D:5 (

Annotations:
D:3 1 runed translucent door, exclusion: door, Golfball's ghost, amateur MiFi
D:7 2 transporters, TheMimicMan's ghost, novice DsGl
D:10 Snorg; Urug


Innate Abilities, Weirdness & Mutations

Your attributes grow dramatically as you level up.
You have an increased reservoir of magic. (+10% MP)
You shall have no god before yourself.


Message History

Urug throws a javelin.
The javelin completely misses you.
You whack Urug!
Urug is poisoned.
Urug is lightly wounded.
Urug drinks a potion.
Urug seems to grow stronger.
You hit Urug but do no damage.
Urug looks as sick as possible!
Urug is lightly wounded.
Urug closely misses you.
You hit Urug but do no damage.
Urug looks as sick as possible!
Urug is lightly wounded.
Urug barely misses you.
You hit Urug.
Urug looks as sick as possible!
Urug is lightly wounded.
Urug misses you.
You hit Urug but do no damage.
Urug is moderately wounded.
Urug hits you with a +4 great sword of venom!!
You hit Urug but do no damage.
Urug looks as sick as possible!
Urug is moderately wounded.
Urug completely misses you.
You hit Urug.
Urug looks as sick as possible!
Urug is moderately wounded.
Urug closely misses you.
You hit Urug but do no damage.
Urug looks as sick as possible!
Urug is moderately wounded.
You hit Urug but do no damage.
Urug is heavily wounded.
Urug hits you with a +4 great sword of venom!!
You are lethally poisoned!
* * * LOW HITPOINT WARNING * * *
You feel extremely sick.
Urug throws a javelin.
The javelin completely misses you.
* * * LOW HITPOINT WARNING * * *
You feel extremely sick.
* * * LOW HITPOINT WARNING * * *
You feel very sick.
There is a stone staircase leading up here.
* * * LOW HITPOINT WARNING * * *
You feel very sick.
You climb upwards.
You die...

# #.....>..##.##..#### #.... #
#........##..#.## #....
#........###...####### #....
#####........# ###.......# #....
...##......[.## #..#####.# #....
....########..###.....##.# #####
.....# ##.#....##.##.# .....#
##......##.##.#
.....#######....@..##.##.#
...................##.##.########
......######.###.........##......
....### #.........#.##..#......
.....# #......####.#..........
.....# ###......# #.##..#......
.....####......### #.##..#......
..........#....######.##.........
......###...........#.##.#.......


There were no monsters in sight!

Vanquished Creatures
  Erica (D:8)
  Pikel (D:6)
  Joseph (D:8)
  Maggie (D:6)
  Grinder (D:4)
  A basilisk (D:6)
  Sigmund (D:6)
  A wraith (D:8)
  10 yaks
  An acid dragon (D:9)
  2 water moccasins (D:6)
  Duvessa (D:5)
  8 orc warriors
  4 sky beasts
  2 black bears
  3 ogres
  2 centaurs
  2 kobold brigands
  3 bullfrogs
  A wyvern zombie (D:6)
  4 scorpions
  Dowan (D:5)
  5 killer bees (D:9)
  2 howler monkeys
  20 wights
  A centaur zombie (D:8)
  2 bullfrog zombies
  5 orc priests
  4 hounds
  3 iron imps (D:6)
  A gnoll shaman (D:4)
  A bullfrog skeleton (D:7)
  A centaur skeleton (D:7)
  4 iguanas
  Natasha (thrice) (D:2)
  10 orc wizards
  A killer bee zombie (D:8)
  A hound skeleton (D:4)
  Robin (D:1)
  6 gnolls
  8 adders
  A white imp (D:6)
  2 ufetubi
  An adder skeleton (D:5)
  A worm (D:3)
  A dart slug (D:2)
  26 orcs
  5 ball pythons (D:4)
  7 bats
  4 endoplasms
  5 giant cockroaches
  14 hobgoblins
  10 jackals
  6 quokkas
  3 frilled lizards
  23 goblins
  21 kobolds
  2 rats
263 creatures vanquished.

Vanquished Creatures (others)
  A goblin (D:2)
  A hobgoblin (D:2)
  A plant (D:8)
3 creatures vanquished.

Grand Total: 266 creatures vanquished

Notes
Turn   | Place    | Note
-------+----------+-------------------------------------------
     0 | D:1      | belegose the Demigod Artificer began the quest for the Orb.
     0 | D:1      | Reached XP level 1. HP: 15/15 MP: 3/3
   112 | D:1      | Reached skill level 1 in Fighting
   112 | D:1      | Reached skill level 1 in Dodging
   397 | D:1      | Reached XP level 2. HP: 8/23 MP: 4/4
   796 | D:1      | Reached skill level 3 in Evocations
  1617 | D:2      | Reached XP level 3. HP: 27/29 MP: 5/5
  2164 | D:2      | Noticed Robin
  2502 | D:1      | Killed Robin
  2542 | D:2      | Reached skill level 1 in Maces & Flails
  2590 | D:2      | Learned a level 1 spell: Animate Skeleton
  2656 | D:2      | Noticed Natasha
  2667 | D:2      | Killed Natasha
  2668 | D:2      | Reached XP level 4. HP: 32/36 MP: 6/6
  2687 | D:2      | Noticed Natasha
  2696 | D:2      | Killed Natasha
  2874 | D:2      | Noticed Natasha
  2881 | D:2      | Killed Natasha
  3052 | D:3      | Noticed Golfball's ghost (amateur MiFi)
  3053 | D:3      | Found a runed translucent door.
  3406 | D:3      | Reached skill level 1 in Necromancy
  3406 | D:3      | Reached XP level 5. HP: 38/42 MP: 7/7
  4320 | D:4      | Noticed Grinder
  4320 | D:4      | Paralysed by Grinder for 7 turns
  4474 | D:4      | Killed Grinder
  4475 | D:4      | Reached skill level 4 in Evocations
  4475 | D:4      | Reached XP level 6. HP: 50/50 MP: 8/8
  5177 | D:4      | Reached XP level 7. HP: 35/57 MP: 9/9
  5668 | D:4      | Found a staircase to the Ecumenical Temple.
  5955 | Temple   | Entered the Ecumenical Temple
  5986 | D:5      | Entered Level 5 of the Dungeon
  6902 | D:5      | Noticed Duvessa
  6902 | D:5      | Noticed Dowan
  6921 | D:5      | Killed Dowan
  6925 | D:5      | Killed Duvessa
  6926 | D:5      | Reached skill level 5 in Evocations
  6926 | D:5      | Reached XP level 8. HP: 26/66 MP: 10/10
  7169 | D:5      | Found Ruororchu's Firing Range.
  8082 | D:6      | Noticed Sigmund
  8116 | D:6      | Killed Sigmund
  8163 | D:6      | Noticed Pikel
  8181 | D:6      | Killed Pikel
  8182 | D:6      | Reached skill level 5 in Fighting
  8182 | D:6      | Reached skill level 1 in Spellcasting
  8615 | D:6      | Reached skill level 6 in Evocations
  8682 | D:6      | Reached XP level 9. HP: 72/74 MP: 13/15
  8821 | D:6      | Noticed Maggie
  8840 | D:6      | Killed Maggie
  9297 | D:6      | Reached skill level 7 in Evocations
  9728 | D:7      | Found a flagged portal.
  9737 | Bailey   | Entered a bailey
 10030 | Bailey   | Reached skill level 1 in Throwing
 10082 | Bailey   | Reached skill level 1 in Long Blades
 10460 | D:7      | Reached XP level 10. HP: 58/84 MP: 19/19
 10722 | D:7      | Noticed TheMimicMan's ghost (novice DsGl)
 10741 | D:7      | Found a transporter.
 10866 | D:7      | Found a transporter.
 11124 | D:8      | Noticed Erica
 11322 | D:8      | Killed Erica
 11741 | D:8      | Noticed Joseph
 11757 | D:8      | Killed Joseph
 11866 | D:8      | Reached skill level 5 in Spellcasting
 12144 | D:9      | Found a staircase to the Lair.
 12247 | D:9      | Reached skill level 8 in Evocations
 13439 | D:10     | Entered Level 10 of the Dungeon
 13590 | D:10     | Noticed Snorg
 13602 | D:10     | HP: 1/86 [Snorg (10)]
 13825 | D:10     | Noticed Urug
 14092 | D:10     | HP: 4/88 [poisoned by Urug]
 14093 | D:9      | Succumbed to Urug's poison

Illustrated notes

Levels and vault maps discovered:
D:1:      scummos_arrival_gate, layout_basic,
          hellmonk_ecumenical_altar_heavens_door
D:2:      layout_basic, basic_altar, uniq_natasha, uniq_robin
D:3:      layout_loops_cross, hellmonk_ghost_happy_afterlife,
          minmay_misc_feat_more_columns
D:4:      layout_rooms, lemuel_round_altar, minmay_temple_entry_hall,
          minmay_goblin_kobold_house, uniq_grinder
D:5:      layout_basic, nicolae_overflow_crystal_walls, grunt_dithmenos_smoke,
          nicolae_shop_firing_range, uniq_duvessa
D:6:      layout_basic, demons_altar, mainiacjoe_overflow_catch_the_wave,
          minivault_24, grunt_potential, uniq_sigmund, uniq_pikel, uniq_maggie
D:7:      layout_basic, enter_bailey_2, gammafunk_ghost_arena
D:8:      layout_rooms, elyvilon_altar_1, minmay_tree_intersection,
          dk_noncrumbling_4, minmay_misc_feat_pillars, uniq_erica, uniq_joseph
D:9:      layout_rooms, nicolae_qazlal_style_of_elements, dpeg_oklobed_lair
D:10:     layout_irregular_city, mainiacjoe_overflow_small_starburst,
          david_orc_1_choice, uniq_urug, uniq_snorg
Temple:   nicolae_temple_figure_eight

Skill      XL: |  1  2  3  4  5  6  7  8  9 10 |
---------------+-------------------------------+-----
Fighting       | 1 2 3 4 5 6 7 |  7.6
Dodging        | 1 2 3 4 |  4.5
Evocations     | 3 4 5 6 7 8 |  8.2
Maces & Flails | 1 2 3 4 |  4.0
Necromancy     | 1 2 3 4 |  4.0
Armour         | 2 3 4 |  4.3
Spellcasting   | 2 4 5 |  5.0
Throwing       | 1 3 |  3.8
Long Blades    | 1 3 |  3.8
Stealth        | |  0.8

Action                   |  1- 3 |  4- 6 |  7- 9 | 10-12 || total
-------------------------+-------+-------+-------+-------++-------
Melee: Dagger            |    87 |       |       |       ||    87
       Club              |     9 |       |       |       ||     9
       Whip              |    84 |   120 |   306 |   228 ||   738
       Staff             |     2 |    12 |       |       ||    14
       Short sword       |       |       |    62 |    63 ||   125
       Falchion          |       |       |    95 |       ||    95
       Scimitar          |       |       |       |    65 ||    65
 Fire: Hunting sling     |       |       |     4 |       ||     4
Throw: Dart              |       |       |    29 |     6 ||    35
       Boomerang         |       |       |    29 |       ||    29
       Javelin           |       |       |     1 |       ||     1
 Cast: Animate Skeleton  |       |       |     2 |       ||     2
Evoke: Wand              |     4 |     2 |    15 |     9 ||    30
  Use: Scroll            |       |       |     9 |     2 ||    11
       Potion            |       |       |     1 |     2 ||     3
Armor: Leather armour    |    25 |       |       |       ||    25
       Ring mail         |    73 |    42 |    90 |       ||   205
       Swamp dragon scal |       |       |    94 |   127 ||   221
Dodge: Dodged            |   121 |    77 |   270 |   223 ||   691
       Rpst.: Falchion   |       |       |    20 |       ||    20
       Scimitar          |       |       |       |    16 ||    16
